 Dungeon Crawl Stone Soup version 0.14.1-27-g0f46f74 (webtiles) character file.

16766 N0Skill the Nimble (level 12, -28/60 HPs)
             Began as a Felid Berserker on Aug 4, 2014.
             Was the Champion of Trog.
             Killed from afar by a lindwurm (35 damage)
             ... with a blast of flame
             ... on Level 3 of the Lair of Beasts on Aug 9, 2014.
             The game lasted 03:10:36 (21702 turns).

N0Skill the Nimble (Felid Berserker)               Turns: 21702, Time: 03:10:37

HP -28/60        AC  6     Str 21      XL: 12   Next:  5%
MP  26/26        EV 29     Int  9      God: Trog [******]
Gold 839         SH  0     Dex 16      Spells:  0 memorised, 11 levels left
Lives: 0, deaths: 3

rFire  . . .     SeeInvis +       - Unarmed
rCold  + . .     Clarity  .     (armour unavailable)
rNeg   . . .     Conserve .     (shield unavailable)
rPois  .         rCorr    .     (helmet unavailable)
rElec  .         rRot     .     (cloak unavailable)
SustAb . .       Spirit   .     (gloves unavailable)
rMut   .         Warding  .     (boots unavailable)
Saprov . . .     Stasis   .     m - amulet of faith
MR     +....                    b - +3 ring of protection
                                K - +4 ring of strength

@: flying, quick, somewhat resistant to hostile enchantments, extremely stealthy
A: paw claws, no armour, no weapons or thrown items, fangs 3, see invisible,
carnivore 3, speed 1, high mp 1, shaggy fur 3, slow metabolism 1, jump 3
a: Jump Attack, Burn Spellbooks, Berserk, Trog's Hand, Brothers in Arms,
Renounce Religion


You were on level 3 of the Lair of Beasts.
You worshipped Trog.
Trog was exalted by your worship.
You were not hungry.

You visited 4 branches of the dungeon, and saw 21 of its levels.

You collected 1119 gold pieces.
You spent 280 gold pieces at shops.

Inventory:

Magical devices
 f - a wand of fireball (1)
 n - a wand of slowing (1)
 o - a wand of random effects (9)
 t - a wand of polymorph (15)
 y - a wand of lightning (4)
 A - a wand of enslavement (6)
 D - a wand of draining (4)
 F - a wand of digging (13)
 G - a wand of frost (13)
 J - a wand of flame (8)
 L - a wand of fireball (3)
Comestibles
 c - 15 cheeses
 q - a honeycomb
 r - 5 meat rations
Scrolls
 g - 8 scrolls of remove curse
 h - 4 scrolls of teleportation
 l - 5 scrolls of identify
 s - a scroll of fog
 B - a scroll of torment
 I - a scroll of fear
Jewellery
 b - a +3 ring of protection (right paw)
 e - an uncursed ring of sustain abilities
 j - an uncursed amulet of warding
 m - an amulet of faith (around neck)
 v - an uncursed ring of fire
 w - a +3 ring of evasion
 x - an uncursed ring of poison resistance
 E - an uncursed amulet of conservation
 K - a +4 ring of strength (left paw)
Potions
 a - 3 potions of flight
 d - 3 potions of haste
 i - a potion of magic
 k - a potion of restore abilities
 p - a potion of agility
 u - 6 potions of curing
 z - a potion of brilliance {unknown}
 H - 2 potions of might
Miscellaneous
 C - a stone of tremors
 N - a phial of floods


   Skills:
 + Level 11.4 Fighting
 - Level 14.0 Dodging
 - Level 13.0 Stealth
 - Level 14.0 Unarmed Combat
 - Level 5.0 Evocations


You had 11 spell levels left.
You didn't know any spells.

Dungeon Overview and Level Annotations

Branches:
Dungeon (15/15)            Temple (0/1) D:5             Orc (2/4) D:9
   Lair (3/8) D:8          Vaults (0/5) D:13         Depths (1/5) D:15
  Swamp: Lair:3-6    Shoals: Lair:3-6     Snake: Lair:3-6    Spider: Lair:3-6

Altars:
Ashenzari
Fedhas
Sif Muna
Trog
Xom
Zin
The Shining One

Shops:
D:4 [   D:6 [   D:9 ((   D:11 =   Orc:1 =[

Annotations:
D:3 Natasha
D:11 rings
D:13 VAULT


Innate Abilities, Weirdness & Mutations

You cannot wear armour.
You are incapable of wielding weapons or throwing items.
Your paws have sharp claws.
You have razor-sharp teeth.
You have supernaturally acute eyesight.
You are carnivorous and can eat meat at any time.
You cover ground quickly.
Your thick and shaggy fur keeps you warm (AC +3, rC+).
You have a slow metabolism.
You can jump attack at a long distance.
You have an increased reservoir of magic (+10% MP).


Message History

The rat barely misses you.
You scratch the rat.
You kill the rat!
Trog accepts your kill.
Found three items.
Found an escape hatch in the floor. 2 lindwurms come into view.
Found five items.
The lindwurm roars! x4
The lindwurm bites you. The lindwurm barely misses you. The lindwurm claws you.
The lindwurm breathes flames at you. The blast of flame hits you!
One of your 9 scrolls of remove curse catches fire!
Ouch! That really hurt!
The lindwurm breathes flames at you. The blast of flame hits you!
Your scroll of silence catches fire!
* * * LOW HITPOINT WARNING * * *
The lindwurm breathes flames at you. The blast of flame hits you!
Ouch! That really hurt!
You die...

#.[P..##.%........≈.......###..#
##.............≈.§≈≈§§.....##..#
####P.P.....≈≈§§§§§§§§...).#..##
#####....≈≈≈§§§≈≈§§≈≈≈......#
##...≈§≈≈≈§§§§§§≈≈≈≈.....#
#..§≈§≈≈§§≈§≈§§§§≈≈≈......
##...≈≈≈§≈≈§§§.≈≈≈≈≈≈§..... ##
#..≈≈≈≈≈≈...##...§§≈§≈..... .#
###..§≈≈≈≈.@####..§§§§§§....
.#####P...§§≈§§.#.(l.#.§§≈§§§..##
.......<.≈≈≈≈≈§##l))$##.§§≈§≈..##
#fP###.§§≈§≈§§.##l:>l##.≈§§§§..#.
#### ##§..≈≈§§..#.[).#..≈≈§§.....
#...§§≈≈≈§.####..≈≈§§§.....
#...≈≈≈≈§.§.##...≈≈≈§§...#.
#....§≈≈≈≈≈....≈≈§≈§≈...f##
#....≈≈≈≈≈§§≈≈§≈§≈§§≈≈..##.


You could see 4 lindwurms.

Vanquished Creatures
  A hydra (Lair:1)
  A tengu warrior (D:15)
  A centaur warrior (D:15)
  2 unseen horrors
  Pikel (D:6)
  5 hill giants
  2 deep elf conjurers (D:14)
  2 cyclopes
  A wolf spider (D:12)
  A manticore (D:15)
  5 spiny frogs
  A gargoyle (D:13)
  2 komodo dragons
  Grinder (D:4)
  3 trolls
  3 two-headed ogres
  3 ravens (D:15)
  A shadow (D:14)
  2 deep elf magi
  A vampire (D:14)
  A basilisk (D:14)
  A wraith (D:15)
  4 wyverns
  A steam dragon (D:9)
  15 yaks
  3 ugly things
  3 hungry ghosts
  4 hippogriffs
  7 water moccasins
  4 orc warriors
  6 porcupines
  Purgy (D:3)
  A black bear (D:10)
  A manticore zombie (D:12)
  4 ice beasts
  4 sky beasts
  4 ogres
  4 phantoms
  3 big kobolds
  5 crocodiles
  4 giant slugs
  A brain worm (D:9)
  10 giant frogs
  A gnoll sergeant (D:5)
  Blork the orc (D:8)
  A cyclops zombie (D:8)
  6 centaurs
  A cyclops skeleton (D:14)
  8 scorpions
  An electric eel (D:11)
  A tengu zombie (D:13)
  9 killer bees
  2 yak zombies
  A yak skeleton (D:8)
  8 wights
  9 crimson imps
  3 goliath beetles
  7 hounds
  A basilisk zombie (D:14)
  2 centaur skeletons
  A gnoll shaman (D:9)
  10 iguanas
  3 jellies
  8 orc wizards
  2 orc priests
  10 worker ants
  Natasha (D:3)
  An orange rat (D:8)
  5 sheep (Lair:2)
  Ijyb (D:3)
  Jessica (D:2)
  A crocodile skeleton (D:7)
  A hound zombie (D:6)
  Terence (D:2)
  13 gnolls
  19 adders
  2 shadow imps
  A worker ant zombie (D:5)
  3 giant mites
  5 worms
  50 green rats
  A goliath beetle zombie (D:9)
  An adder zombie (D:8)
  2 giant eyeballs
  6 giant geckos
  2 oozes
  42 orcs
  7 giant cockroaches
  21 hobgoblins
  19 jackals
  20 kobolds
  A ball python (D:4)
  22 bats
  A giant gecko skeleton (D:6)
  10 giant newts
  2 giant spores
  13 goblins
  A hobgoblin skeleton (D:4)
  A hobgoblin zombie (D:5)
  10 quokkas
  A quokka skeleton (D:5)
  25 rats
  4 ballistomycetes (D:10)
  A plant (D:11)
544 creatures vanquished.

Vanquished Creatures (collateral kills)
  Maud (Lair:3)
  Gastronok (D:8)
  A yaktaur captain (D:15)
  A centaur warrior (D:15)
  Urug (D:11)
  A shadow wraith (D:13)
  Erolcha (D:8)
  An ironbrand convoker (D:13)
  A lindwurm (D:13)
  A cyclops (D:15)
  A guardian serpent (shapeshifter) (D:13)
  2 kobold demonologists (D:12)
  A spiny frog (Lair:3)
  2 trolls
  A raiju (shapeshifter) (D:13)
  5 slime creatures (D:12)
  A wyvern (D:10)
  A basilisk (D:13)
  10 yaks
  A water elemental (D:11)
  A deep elf mage (D:12)
  2 ugly things (D:13)
  A hippogriff (D:11)
  2 orc warriors
  2 ogres
  An ice beast (D:9)
  4 big kobolds (D:12)
  5 centaurs
  A brain worm (D:14)
  A giant frog (D:9)
  A yaktaur skeleton (D:15)
  A cyclops skeleton (D:12)
  An eye of draining (D:15)
  A crimson imp (D:10)
  A goliath beetle (D:15)
  2 iguanas
  5 wights (D:13)
  A hound (D:13)
  2 orc wizards (Orc:1)
  A quasit (D:9)
  2 worker ants (D:8)
  3 orc priests
  A shadow imp (D:15)
  A worm (D:12)
  14 orcs
  A hobgoblin (Orc:1)
  2 kobolds (D:12)
  A ballistomycete (D:10)
96 creatures vanquished.

Vanquished Creatures (others)
  4 two-headed ogres
  3 ogres (D:15)
  A bat (D:9)
  4 giant spores
  A ballistomycete (D:10)
13 creatures vanquished.

Grand Total: 653 creatures vanquished

Notes
Turn   | Place    | Note
--------------------------------------------------------------
     0 | D:1      | N0Skill, the Felid Berserker, began the quest for the Orb.
     0 | D:1      | Reached XP level 1. HP: 10/10 MP: 2/2
    55 | D:1      | Reached XP level 2. HP: 4/14 MP: 3/3
   395 | D:1      | Reached skill level 5 in Dodging
  1060 | D:2      | Noticed Terence
  1072 | D:2      | Killed Terence
  1072 | D:2      | Reached XP level 3. HP: 18/18 MP: 5/5
  1468 | D:2      | Noticed Jessica
  1471 | D:2      | Acquired Trog's second power
  1477 | D:2      | Killed Jessica
  1477 | D:2      | Reached XP level 4. HP: 20/22 MP: 7/7
  2456 | D:3      | Reached XP level 5. HP: 14/25 MP: 8/8
  3152 | D:3      | Noticed Natasha
  3163 | D:3      | Killed Natasha
  3163 | D:3      | Reached skill level 5 in Unarmed Combat
  3193 | D:3      | Noticed Ijyb
  3202 | D:3      | Killed Ijyb
  3319 | D:3      | Noticed Purgy
  3326 | D:3      | Killed Purgy
  3326 | D:3      | Reached skill level 6 in Unarmed Combat
  3326 | D:3      | Gained mutation: You are covered in thick fur (AC +2). [growing up]
  3326 | D:3      | Gained mutation: You can jump attack at a medium distance. [growing up]
  3326 | D:3      | Reached XP level 6. HP: 14/28 MP: 10/10
  3601 | D:3      | Noticed Natasha
  3637 | D:4      | Noticed Grinder
  3640 | D:4      | Found Eniecast's Armour Boutique.
  3662 | D:4      | Killed Grinder
  3662 | D:4      | Reached skill level 7 in Unarmed Combat
  3662 | D:4      | Reached XP level 7. HP: 5/32 MP: 12/12
  4165 | D:4      | Acquired Trog's third power
  4421 | D:4      | Reached skill level 5 in Fighting
  4987 | D:5      | Entered Level 5 of the Dungeon
  5195 | D:5      | Reached XP level 8. HP: 37/37 MP: 13/13
  5277 | D:5      | Reached skill level 8 in Unarmed Combat
  5291 | D:5      | Found a staircase to the Ecumenical Temple.
  5465 | D:5      | Slain by an iguana
  5466 | D:5      | Reached XP level 7. HP: -4/33 MP: 12/12
  5638 | D:4      | Found a glowing silver altar of Zin.
  5638 | D:4      | Found a glowing golden altar of the Shining One.
  5638 | D:4      | Found a shimmering altar of Xom.
  5638 | D:4      | Found a deep blue altar of Sif Muna.
  5814 | D:5      | Reached skill level 9 in Dodging
  5883 | D:6      | Found a blossoming altar of Fedhas.
  5952 | D:6      | Found Twejan's Armour Emporium.
  6271 | D:6      | Gained mutation: You have an increased reservoir of magic (+10% MP). [potion of beneficial mutation]
  6347 | D:6      | Reached XP level 8. HP: 28/37 MP: 14/14
  6918 | D:6      | Noticed Pikel
  6925 | D:6      | Killed Pikel
  6925 | D:6      | Reached skill level 11 in Dodging
  7378 | D:7      | Paralysed by a giant eyeball for 4 turns
  7386 | D:7      | Paralysed by a giant eyeball for 2 turns
  7900 | D:7      | Reached skill level 1 in Stealth
  7932 | D:7      | Reached XP level 9. HP: 34/40 MP: 16/16
  8355 | D:8      | Noticed Blork the orc
  8368 | D:8      | Killed Blork the orc
  8368 | D:8      | Reached skill level 5 in Stealth
  8520 | D:8      | Found a staircase to the Lair.
  8592 | Lair:1   | Entered Level 1 of the Lair of Beasts
  8602 | Lair:1   | Noticed a spiny frog
  9491 | D:8      | Noticed Gastronok
  9506 | D:8      | Killed Gastronok
  9506 | D:8      | Reached XP level 10. HP: 45/47 MP: 18/18
  9549 | D:8      | Noticed Erolcha
  9565 | D:8      | Killed Erolcha
  9871 | D:9      | Found Delor's Antique Weapon Shoppe.
 10143 | D:9      | Found Qiliadiug's Weapon Shop.
 10404 | D:9      | Reached skill level 10 in Unarmed Combat
 10452 | D:9      | Found a staircase to the Orcish Mines.
 11164 | Orc:1    | Entered Level 1 of the Orcish Mines
 11164 | Orc:1    | Found Ghesm's Armour Emporium.
 11168 | Orc:1    | Found Shiyptet's Jewellery Shop.
 11340 | Orc:1    | Bought an uncursed ring of poison resistance for 280 gold pieces
 11348 | Orc:2    | Noticed an orc knight
 11404 | D:10     | Entered Level 10 of the Dungeon
 11450 | D:10     | Found a shattered altar of Ashenzari.
 11721 | D:10     | Noticed a hill giant
 11825 | D:10     | Noticed an unseen horror
 11867 | D:10     | Killed an unseen horror
 11867 | D:10     | Reached XP level 11. HP: 29/51 MP: 19/19
 11978 | D:10     | Reached skill level 12 in Unarmed Combat
 12086 | D:10     | Killed a hill giant
 12126 | D:10     | Reached skill level 10 in Stealth
 12487 | D:11     | Noticed a hill giant
 12494 | D:11     | Killed a hill giant
 12875 | D:11     | Found a bloodstained altar of Trog.
 13005 | D:11     | Noticed an unseen horror
 13022 | D:11     | Killed an unseen horror
 13068 | D:11     | Noticed a hill giant
 13080 | D:11     | Killed a hill giant
 13080 | D:11     | Reached skill level 13 in Dodging
 13255 | D:11     | Noticed Urug
 13268 | D:11     | Killed Urug
 13380 | D:11     | Reached skill level 1 in Evocations
 13688 | D:11     | Found Jecrannun's Jewellery Shop.
 14601 | D:12     | Gained mutation: Your thick and shaggy fur keeps you warm (AC +3, rC+). [growing up]
 14601 | D:12     | Gained mutation: You can jump attack at a long distance. [growing up]
 14601 | D:12     | Reached XP level 12. HP: 52/57 MP: 24/24
 15045 | D:13     | Reached skill level 10 in Fighting
 15840 | D:13     | Found a gate to the Vaults.
 16424 | D:14     | Reached skill level 14 in Dodging
 16458 | D:14     | Paralysed by a giant eyeball for 3 turns
 17498 | D:15     | Entered Level 15 of the Dungeon
 17662 | D:15     | Shot with an arrow by a centaur warrior
 17663 | D:15     | Reached XP level 11. HP: -1/55 MP: 23/23
 17855 | D:15     | Noticed a hill giant
 17868 | D:15     | Killed a hill giant
 18023 | D:15     | Found a staircase to the Depths.
 18023 | D:15     | Noticed a yaktaur captain
 18243 | D:15     | Killed a yaktaur captain
 18243 | D:15     | Reached XP level 12. HP: 41/60 MP: 24/24
 18282 | Depths:1 | Entered Level 1 of the Depths
 18289 | Depths:1 | Noticed a fire dragon
 18363 | D:15     | Noticed a tengu warrior
 18367 | D:15     | Noticed a tengu warrior
 18377 | D:15     | Killed a tengu warrior
 18442 | D:15     | Shot with an arrow by a tengu warrior
 18443 | D:15     | Reached XP level 11. HP: -2/55 MP: 23/23
 18755 | Lair:1   | Killed a spiny frog
 19121 | Lair:1   | Noticed a four-headed hydra
 19132 | Lair:1   | Killed a four-headed hydra
 19948 | Lair:2   | Reached skill level 5 in Evocations
 20631 | Lair:3   | Noticed Maud
 20646 | Lair:3   | Killed Maud
 21429 | Lair:3   | Reached XP level 12. HP: 60/60 MP: 26/26
 21694 | Lair:3   | Noticed a lindwurm
 21695 | Lair:3   | Noticed a lindwurm
 21699 | Lair:3   | Noticed a lindwurm
 21699 | Lair:3   | Noticed a lindwurm
 21702 | Lair:3   | Killed from afar by a lindwurm

Action                   |  1- 3 |  4- 6 |  7- 9 | 10-12 || total
-------------------------+-------+-------+-------+-------++-------
Melee: Unarmed           |    81 |   173 |   438 |  1000 ||  1692
Invok: Berserk           |     2 |     2 |     9 |    23 ||    36
       Trog's Hand       |       |     1 |     4 |    10 ||    15
       Brothers in Arms  |       |       |     1 |    29 ||    30
       Burn Spellbooks   |       |       |       |     2 ||     2
 Abil: Jump Attack       |     4 |     9 |    10 |     4 ||    27
Evoke: Wand              |       |     4 |     3 |    15 ||    22
       Stone of tremors  |       |       |       |     1 ||     1
  Use: Potion            |     2 |     4 |    10 |     6 ||    22
       Scroll            |     4 |     2 |     9 |    14 ||    29
 Stab: Sleeping          |       |     1 |    16 |    72 ||    89
       Distracted        |       |     1 |     1 |     4 ||     6
       Invisible         |       |       |       |     1 ||     1
